 Seeded DCSS version 0.27-a0-40-g5f2be0e231 (webtiles) character file.

Game seed: 17428681369516740799 (custom seed)

4 muata the Sneak (level 1, 0/9 HPs)
             Began as a Spriggan Enchanter on Jan 6, 2021.
             Slain by a hobgoblin (3 damage)
             ... on level 1 of the Dungeon.
             The game lasted 00:02:10 (137 turns).

muata the Sneak (Spriggan Enchanter)                 Turns: 137, Time: 00:02:10

Health: 0/9        AC:  2    Str:  4    XL:     1   Next: 50%
Magic:  4/5        EV: 18    Int: 16    God:
Gold:   9          SH:  0    Dex: 16    Spells: 4/5 levels left

rFire    . . .     SeeInvis +   a - +1 dagger
rCold    . . .     Faith    .   (shield restricted)
rNeg     . . .     Spirit   .   b - +0 robe
rPois    .         Reflect  .   (helmet restricted)
rElec    .         Harm     .   (no cloak)
rCorr    .         Rampage  .   (gloves unavailable)
Will     .....                  (boots unavailable)
Stlth    +++.......             (no amulet)
HPRegen  0.03/turn              (no ring)
MPRegen  0.09/turn              (no ring)

@: very quick
A: very small, unfitting armour, see invisible, speed 3
a: no special abilities


You were on level 1 of the Dungeon.
You visited 1 branch of the dungeon, and saw 1 of its levels.

You collected 9 gold pieces.

Inventory:

Hand Weapons
 a - a +1 dagger (weapon)
Missiles
 c - 11 stones (quivered)
Armour
 b - a +0 robe (worn)
Scrolls
 d - a scroll of random uselessness {unknown}
Potions
 e - a potion of heal wounds {unknown}


   Skills:
 + Level 1.2 Short Blades
 + Level 3.1 Dodging
 + Level 4.5 Stealth
 + Level 2.8 Spellcasting
 + Level 3.7 Hexes


You had 4 spell levels left.
You knew the following spells:

 Your Spells              Type           Power        Failure   Level
a - Corona                Hex            15%          4%          1

Your spell library contained the following spells:

 Spells                   Type           Power        Failure   Level
 Confusing Touch          Hex            14%          13%         3
 Tukima's Dance           Hex            14%          13%         3
 Ensorcelled Hibernation  Hex/Ice        16%          14%         2
 Dazzling Flash           Conj/Hex       16%          26%         3


Dungeon Overview and Level Annotations

Branches:
Dungeon (1/15)

Altars:


Innate Abilities, Weirdness & Mutations

You are very small and have problems with some larger weapons.
You are too small for most types of armour.
You have supernaturally acute eyesight. (SInv)
You cover ground extremely quickly.


Message History

You hit the hobgoblin but do no damage.
The hobgoblin is moderately wounded.
The hobgoblin hits you. The kobold hits you but does no damage.
You barely miss the hobgoblin.
The hobgoblin is moderately wounded.
The hobgoblin hits you. The kobold completely misses you.
You hit the hobgoblin.
The hobgoblin is almost dead.
The hobgoblin misses you.
The kobold hits you with a +0 short sword.
You hit the hobgoblin but do no damage.
The hobgoblin is severely wounded.
The hobgoblin misses you. The kobold misses you.
You hit the hobgoblin but do no damage.
The hobgoblin is severely wounded.
The hobgoblin stops glowing.
The hobgoblin misses you.
You hit the hobgoblin.
The hobgoblin is almost dead.
The kobold barely misses you. The hobgoblin hits you.
You die...

.........###########
....................
.........#####.#####
.........# #... #
###......# #.### #
#......####.# #
##+###...........# #
#.....##.........# #
#....@##.........# #
#...Kg............?. #
#......!.........#.# #
#..............#.# . #
#.........####.#.#####
##...................#
########.###....###.#
#####8###### #....#
#.#
###.§§§§§§..####....#
#.#


You could see a hobgoblin and a kobold.

Vanquished Creatures
  A leopard gecko (D:1)
  A goblin (D:1)
  A kobold (D:1)
3 creatures vanquished.

Notes
Turn   | Place    | Note
-------+----------+-------------------------------------------
     0 | D:1      | muata the Spriggan Enchanter began the quest for the Orb.
     0 | D:1      | Reached XP level 1. HP: 9/9 MP: 5/5
   137 | D:1      | Slain by a hobgoblin

Illustrated notes

Levels and vault maps discovered:
D:1:      heliophobic_arrival_dark_side_of_the_moon, layout_basic

Action                   || total
-------------------------++-------
Melee: Dagger            ||    19
 Cast: Corona            ||     2
 Stab: Sleeping          ||     2
Armor: Robe              ||     1
Dodge: Dodged            ||    21

Table legend: (Time is in decaauts)
 A = Elapsed time spent in this place.
 B = Non-inter-level travel time spent in this place.
 C = Inter-level travel time spent in this place.
 D = Time resting spent in this place.
 E = Time spent auto-exploring this place.
 F = Levels seen in this place.
 G = Mean time per level.
                   A        B        C        D        E       F      G
               +--------+--------+--------+--------+--------+-----+--------+
         Total |     90 |     90 |      0 |      0 |     13 |   1 |   90.0 |
       Dungeon |     90 |     90 |      0 |      0 |     13 |   1 |   90.0 |
               +--------+--------+--------+--------+--------+-----+--------+

Top non-repeatable levels by time:
     D:1: 90 daAuts
